 Dungeon Crawl Stone Soup version 0.22-a0-355-g201945fe43 (webtiles) character file.

47 KleinerIrrer the Sneak (level 3, -2/31 HPs)
             Began as a Naga Fire Elementalist on Apr 18, 2018.
             Slain by a gnoll
             ... wielding a +0 halberd
              (12 damage)
             ... on level 2 of the Dungeon.
             The game lasted 00:00:34 (1515 turns).

KleinerIrrer the Sneak (Naga Fire Elementalist)     Turns: 1515, Time: 00:00:34

Health: -2/31      AC:  3    Str: 11    XL:     3   Next: 70%
Magic:  6/6        EV:  8    Int: 15    God:
Gold:   44         SH:  0    Dex: 11    Spells: 5/6 levels left

rFire    . . .     SeeInvis +   Y - +0 hand axe
rCold    . . .     Gourm    .   (no shield)
rNeg     . . .     Faith    .   f - +0 ring mail
rPois    +         Spirit   .   (no helmet)
rElec    .         Reflect  .   (no cloak)
rCorr    .         Harm     .   (no gloves)
MR       .....                  (no barding)
Stlth    +.........             (no amulet)
HPRegen  0.10/turn              (no ring)
MPRegen  0.10/turn              (no ring)

@: very slow
A: large, see invisible, deformed body, poison resistance, slowness 2, slow
metabolism 1, spit poison 1, AC +1
a: Spit Poison


You were on level 2 of the Dungeon.
You were not hungry.

You visited 1 branch of the dungeon, and saw 2 of its levels.

You collected 44 gold pieces.


Innate Abilities, Weirdness & Mutations

You cannot wear boots.
Your serpentine skin is tough. (AC +1)
You have supernaturally acute eyesight. (SInv)
Armour fits poorly on your strangely shaped body.
Your system is resistant to poisons. (rPois)
You cover ground very slowly.
You have a slow metabolism.
You can spit poison.


   Skills:
 - Level 1.0 Fighting
 + Level 2.9 Axes
 - Level 1.5 Dodging
 - Level 3.0 Stealth
 - Level 2.0 Spellcasting
 - Level 1.0 Conjurations
 - Level 3.0 Fire Magic


You had 5 spell levels left.
You knew the following spells:

 Your Spells              Type           Power        Failure   Level  Hunger
a - Flame Tongue          Conj/Fire      #....        24%         1    #......

Inventory:

Hand Weapons
 l - a +0 mace
 Y - a +0 hand axe (weapon)
Armour
 f - a +0 ring mail (worn)
Potions
 d - a potion of heal wounds {unknown}
 k - a potion of might {unknown}
Comestibles
 e - 3 rations

Dungeon Overview and Level Annotations

Branches:
Dungeon (2/15)

Altars:


Message History

You see here a throwing net.
You struggle against the net.
You struggle against the net.
You struggle against the net.
You struggle against the net.
You struggle against the net.
The gnoll closely misses you.
You shred the net and break free!
The gnoll hits you from afar with a halberd.
The gnoll hits you with a halberd!
You hit the gnoll.
The gnoll is moderately wounded.
The gnoll barely misses you.
You hit the gnoll.
The gnoll is severely wounded.
The gnoll hits you with a halberd!
You barely miss the gnoll.
The gnoll is severely wounded.
The gnoll hits you with a halberd!
You die...

##########
#........#
#........#
#........#
#.....<..#
#>.....@.#
#.......g####
#....[)......
#........#.#.
##....##.#...
#.##.# ....(.
#.##.#
..).... #.
..# .#...#.
.. #.. ...


You could see a gnoll.

Vanquished Creatures
  3 gnolls
  A worm (D:2)
  2 hobgoblins (D:1)
  A bat (D:1)
  6 goblins (D:1)
  2 kobolds (D:1)
  3 rats
18 creatures vanquished.

Notes
Turn   | Place    | Note
-------+----------+-------------------------------------------
     0 | D:1      | KleinerIrrer the Naga Fire Elementalist began the quest for the Orb.
     0 | D:1      | Reached XP level 1. HP: 15/15 MP: 3/3
     0 | D:1      | 0 ||| counter = 3
    30 | D:1      | 30 ||| INVOKING Spit Poison.
    31 | D:1      | 31 ||| INVOKING Spit Poison.
    33 | D:1      | 33 ||| CASTING Flame Tongue
    48 | D:1      | 48 ||| INVOKING Spit Poison.
    49 | D:1      | 49 ||| INVOKING Spit Poison.
    53 | D:1      | 53 ||| Wielding weapon enchanted dagger.
    61 | D:1      | 61 ||| INVOKING Spit Poison.
    62 | D:1      | 62 ||| INVOKING Spit Poison.
   123 | D:1      | 123 ||| INVOKING Spit Poison.
   123 | D:1      | Reached skill level 1 in Fighting
   132 | D:1      | 132 ||| INVOKING Spit Poison.
   133 | D:1      | 133 ||| INVOKING Spit Poison.
   134 | D:1      | 134 ||| INVOKING Spit Poison.
   136 | D:1      | 136 ||| CASTING Flame Tongue
   203 | D:1      | 203 ||| CASTING Flame Tongue
   256 | D:1      | 256 ||| INVOKING Spit Poison.
   257 | D:1      | 257 ||| CASTING Flame Tongue
   258 | D:1      | 258 ||| CASTING Flame Tongue
   259 | D:1      | 259 ||| CASTING Flame Tongue
   269 | D:1      | 269 ||| CASTING Flame Tongue
   269 | D:1      | Reached skill level 1 in Axes
   269 | D:1      | Reached XP level 2. HP: 9/25 MP: 0/5
   505 | D:1      | 505 ||| CASTING Flame Tongue
   605 | D:1      | 605 ||| INVOKING Spit Poison.
   613 | D:1      | 613 ||| CASTING Flame Tongue
   700 | D:1      | 700 ||| INVOKING Spit Poison.
   702 | D:1      | 702 ||| CASTING Flame Tongue
   817 | D:1      | 817 ||| CASTING Flame Tongue
   818 | D:1      | 818 ||| CASTING Flame Tongue
   932 | D:1      | 932 ||| UPGRADING to ring mail.
   942 | D:1      | 942 ||| DROPPING +0 robe.
   943 | D:1      | 943 ||| READING scroll labeled QUEROSKOZAX.
   944 | D:1      | 944 ||| READING scroll labeled CIXZYSHRUAM.
   945 | D:1      | 945 ||| SWAPPING to hand axe.
   946 | D:1      | 946 ||| DROPPING club.
   947 | D:1      | 947 ||| DROPPING -1 dagger.
   948 | D:1      | 948 ||| READING scroll labeled SOUZOA ANOAJAK.
  1003 | D:2      | 1003 ||| INVOKING Spit Poison.
  1004 | D:2      | 1004 ||| INVOKING Spit Poison.
  1005 | D:2      | 1005 ||| INVOKING Spit Poison.
  1034 | D:2      | 1034 ||| INVOKING Spit Poison.
  1034 | D:2      | Reached XP level 3. HP: 31/31 MP: 6/6
  1107 | D:2      | 1107 ||| STAIRDANCE
  1244 | D:1      | 1244 ||| READING scroll labeled YWOILIUROF.
  1248 | D:2      | 1248 ||| STAIRDANCE
  1258 | D:1      | HP: 6/31 [gnoll/whip (3)]
  1501 | D:1      | 1501 ||| EATING 4 rations.
  1515 | D:2      | Slain by a gnoll

Vault maps used:
D:1:      eino_arrival_tree_alley
D:2:      first_ration

Skill      XL: |  1  2 |
---------------+-------+-----
Fighting       | 1 |  1.0
Axes           | 1 2 |  2.9
Dodging        | |  1.5
Stealth        | |  3.0
Spellcasting   | |  2.0
Conjurations   | |  1.0
Fire Magic     | |  3.0

Action                   || total
-------------------------++-------
Melee: Dagger            ||    12
       Hand axe          ||    34
 Cast: Flame Tongue      ||    11
 Abil: Spit Poison       ||    10
  Use: Scroll            ||     4
  Eat: Ration            ||     1
Armor: Robe              ||     1
       Ring mail         ||     5
Dodge: Dodged            ||    21

Table legend:
 A = Spawn XP
 B = Non-spawn XP
 C = Spawn XP percentage of total XP
 D = Spawn monster count
 E = Non-spawn monster count
 F = Spawn count percentage of total count
 G = Total turns spent on level
                    A         B        C        D         E        F      G
               +---------+---------+-------+---------+---------+-------+---------
         Total |       0 |      68 |   0.0 |       0 |      18 |   0.0 |  1515
               +---------+---------+-------+---------+---------+-------+---------
           D:1 |       0 |      34 |   0.0 |       0 |      14 |   0.0 |  1387
           D:2 |       0 |      34 |   0.0 |       0 |       4 |   0.0 |   128
               +---------+---------+-------+---------+---------+-------+---------
